 Dungeon Crawl Stone Soup version 0.23-a0-419-g0174fd8 (console) character file.

719 bli the Insei (level 7, -4/46 HPs)
             Began as an Octopode Transmuter on Nov 11, 2018.
             Slain by a sky beast (6 damage)
             ... on level 6 of the Dungeon.
             The game lasted 00:16:53 (5468 turns).

bli the Insei (Octopode Transmuter)                 Turns: 5468, Time: 00:16:53

Health: -4/46      AC:  1    Str: 17    XL:     7   Next: 70%
Magic:  19/19      EV: 13    Int: 21    God:
Gold:   273        SH:  0    Dex: 10    Spells: 4/10 levels left

rFire    . . .     SeeInvis .   b - +1 hand axe {freeze, Str+7 Int+5 Dex-3}
rCold    . . .     Gourm    .   (no shield)
rNeg     . . .     Faith    .   (helmet restricted)
rPois    +         Spirit   .   (no amulet)
rElec    .         Reflect  .   n - ring of magical power
rCorr    +         Harm     .   t - ring of resist corrosion
MR       .....                  u - ring of poison resistance
Stlth    ++........             (no ring)
HPRegen  0.15/turn              (no ring)
MPRegen  0.16/turn              (no ring)
                                (no ring)
                                (no ring)

@: confused, appendage (expiring)
A: almost no armour, stealthy swim, amphibious, 8 rings, constrict 8, tentacle
spike 3, camouflage 1, gelatinous body 1
a: End Transformation


You were on level 6 of the Dungeon.
You were not hungry.
One of your tentacles had a temporary spike.
You visited 1 branch of the dungeon, and saw 6 of its levels.

You collected 273 gold pieces.

Inventory:

Hand Weapons
 b - the +1 hand axe of Duty (weapon) {freeze, Str+7 Int+5 Dex-3}
   (You found it on level 4 of the Dungeon)

   It has been specially enchanted to freeze those struck by it, causing extra
   injury to most foes and up to half again as much damage against particularly
   susceptible opponents.
   It can also slow down cold-blooded creatures.
   It affects your strength (+7).
   It affects your intelligence (+5).
   It affects your dexterity (-3).
 l - a +0 hunting sling
 p - a +0 mace of holy wrath
Missiles
 a - 8 arrows
 g - 195 stones (quivered)
 r - 34 sling bullets
Jewellery
 n - a ring of magical power (left tentacle)
 t - a ring of resist corrosion (right tentacle)
 u - a ring of poison resistance (on tentacle)
Scrolls
 d - a scroll of enchant armour {unknown}
 f - 3 scrolls of remove curse {unknown}
 i - a scroll of teleportation {unknown}
 k - 6 scrolls of identify {unknown}
 o - a scroll of magic mapping {unknown}
Potions
 e - a potion of degeneration {unknown}
 h - a potion of brilliance {unknown}
 j - a potion of ambrosia
 m - a potion of flight {unknown}
 s - a potion of heal wounds {unknown}
 v - a potion of berserk rage {unknown}
Comestibles
 c - 8 rations
 q - 3 chunks of flesh


   Skills:
 + Level 3.2 Fighting
 * Level 2.9 Dodging
 - Level 7.0 Unarmed Combat
 - Level 2.0 Spellcasting
 + Level 3.6 Transmutations
 + Level 1.4 Poison Magic


You had 4 spell levels left.
You knew the following spells:

 Your Spells              Type           Power        Failure   Level  Hunger
a - Beastly Appendage     Tmut           ###...       3%          1    #......
b - Sticks to Snakes      Tmut           ###.....     4%          2    ##.....
s - Spider Form           Tmut/Pois      ##........   16%         3    ###....

Your spell library contained the following spells:

 Spells                   Type           Power        Failure   Level  Hunger
 Ice Form                 Ice/Tmut       #.......     56%         4    #####..
 Blade Hands              Tmut           ###.......   67%         5    ######.


Dungeon Overview and Level Annotations

Branches:
Dungeon (6/15)
 Temple: D:4-7

Altars:

Annotations:
D:6 1 transporter, lurkertryhard's ghost, novice MiBe


Innate Abilities, Weirdness & Mutations

You cannot wear most types of armour.
You are very stealthy in the water. (Stealth+)
You are amphibious.
You can wear up to eight rings at the same time.
You can use your tentacles to constrict eight enemies at once.
Your skin changes colour to match your surroundings (Stealth+).
Your rubbery body absorbs attacks. (AC +1, EV +1)
One of your tentacles bears a large vicious spike.


Message History

Your squeeze misses the sky beast.
The sky beast is moderately wounded.
Your ball python barely misses the sky beast.
The sky beast closely misses you.
You miss the sky beast.
You pierce the sky beast.
Your squeeze misses the sky The sky beast is heavily wounded.
Your ball python bites the sky beast.
The sky beast hits you.
* * * LOW HITPOINT WARNING * * *
The sky beast shocks you.
* * * LOW HITPOINT WARNING * * *
Your ball python bites the sky beast but does no damage.
The sky beast hits your ball python.
Your ball python dies!
Unknown command.
It was a potion of ambrosia.
You are confused.
You feel invigorated. The sky beast hits you.
* * * LOW HITPOINT WARNING * * *
The sky beast shocks you.
You die...

# # #### ..# ..# ###..##
#####.# #..# #.....##
#......#...
.......###.... ....####
#.......##..# .......#.
#........#..# #........
............####...<....
.#>....##.......@Y..#
##......##..........#
....##.........©.......#
...####..#############..
.... ..#.#...zMZW....#..
...##. #.#...........#..
...## ...#..##...##..#..
...##....#..#8...8 ..#..
....... ....... .......


You could see a spectral bullfrog, a sky beast, a mummy, a wight and
lurkertryhard's ghost.

Vanquished Creatures
  A centaur (D:5)
  A scorpion (D:5)
  4 crimson imps (D:5)
  A bullfrog zombie (D:5)
  A quasit (D:3)
  A hound (D:4)
  3 orc wizards
  3 worker ants
  A killer bee zombie (D:5)
  5 adders
  An adder skeleton (D:5)
  2 dart slugs
  4 leopard geckos
  11 orcs
  4 giant cockroaches
  5 goblins
  11 hobgoblins
  8 jackals
  6 kobolds
  2 quokkas (D:5)
  3 bats
  6 frilled lizards
  A quokka skeleton (D:5)
  A rat (D:3)
86 creatures vanquished.

Vanquished Creatures (collateral kills)
  An ogre (D:4)
  An ooze (D:6)
2 creatures vanquished.

Grand Total: 88 creatures vanquished

Notes
Turn   | Place    | Note
-------+----------+-------------------------------------------
     0 | D:1      | bli the Octopode Transmuter began the quest for the Orb.
     0 | D:1      | Reached XP level 1. HP: 13/13 MP: 3/3
    45 | D:1      | Reached XP level 2. HP: 5/18 MP: 3/5
   532 | D:1      | Reached skill level 4 in Unarmed Combat
   655 | D:1      | Reached XP level 3. HP: 20/23 MP: 4/6
  1828 | D:3      | Reached skill level 5 in Unarmed Combat
  1828 | D:3      | Reached XP level 4. HP: 17/28 MP: 5/7
  1841 | D:2      | Learned a level 2 spell: Sticks to Snakes
  2836 | D:3      | Reached XP level 5. HP: 15/35 MP: 8/8
  3161 | D:3      | Learned a level 3 spell: Spider Form
  3353 | D:4      | Noticed an ogre
  3728 | D:4      | Killed an ogre
  3728 | D:4      | Reached skill level 1 in Poison Magic
  3861 | D:4      | Reached XP level 6. HP: 35/41 MP: 9/9
  3898 | D:4      | Got a translucent hand axe
  3899 | D:4      | Identified the +1 hand axe of Duty {freeze, Str+7 Int+5
                  | Dex-3} (You found it on level 4 of the Dungeon)
  4229 | D:5      | Entered Level 5 of the Dungeon
  4237 | D:4      | Reached skill level 6 in Unarmed Combat
  4518 | D:5      | Reached skill level 7 in Unarmed Combat
  4556 | D:5      | Reached XP level 7. HP: 24/45 MP: 10/10
  5446 | D:6      | Found a transporter.
  5451 | D:6      | Noticed lurkertryhard's ghost (novice MiBe)
  5467 | D:6      | HP: 2/46 [sky beast (5)]
  5468 | D:6      | Slain by a sky beast

Vault maps used:
D:1:      lemuel_arrival_funnel, minmay_misc_feat_roman
D:2:      first_ration
D:6:      gammafunk_ghost_mausoleum

Skill      XL: |  1  2  3  4  5  6  7 |
---------------+----------------------+-----
Unarmed Combat | 4 5 7 |  7.0
Fighting       | 2 3 |  3.2
Poison Magic   | 1 |  1.4
Transmutations | 3 |  3.6
Dodging        | |  2.9
Spellcasting   | |  2.0

Action                   |  1- 3 |  4- 6 |  7- 9 || total
-------------------------+-------+-------+-------++-------
Melee: Unarmed           |    80 |    54 |     5 ||   139
       Constrict         |    24 |    24 |     8 ||    56
       Tentacles         |    13 |    16 |     9 ||    38
       Kick              |    10 |    10 |     7 ||    27
       Punch             |     1 |     2 |     2 ||     5
       Hand axe          |       |    39 |    48 ||    87
Throw: Stone             |    12 |    23 |     6 ||    41
 Cast: Beastly Appendage |    11 |    19 |     9 ||    39
       Sticks to Snakes  |       |     8 |     4 ||    12
       Spider Form       |       |       |     1 ||     1
  Use: Potion            |       |       |     1 ||     1
 Stab: Sleeping          |     4 |     1 |       ||     5
       Distracted        |     1 |       |     1 ||     2
  Eat: Chunk             |     3 |    10 |     3 ||    16
Armor: Skin              |     2 |     9 |     4 ||    15
Dodge: Dodged            |    62 |    52 |    28 ||   142

Table legend:
 A = Non-vault XP
 B = Vault XP
 C = Vault XP percentage of total XP
 D = Non-vault monster count
 E = Vault monster count
 F = Vault count percentage of total count
                 A         B        C        D         E       F
            +---------+---------+-------+---------+---------+-------
      Total |    1028 |       0 |   0.0 |      88 |       0 |   0.0
            +---------+---------+-------+---------+---------+-------
        D:1 |      45 |       0 |   0.0 |      24 |       0 |   0.0
        D:2 |      21 |       0 |   0.0 |      10 |       0 |   0.0
        D:3 |     114 |       0 |   0.0 |      16 |       0 |   0.0
        D:4 |     198 |       0 |   0.0 |      11 |       0 |   0.0
        D:5 |     611 |       0 |   0.0 |      25 |       0 |   0.0
        D:6 |      39 |       0 |   0.0 |       2 |       0 |   0.0
            +---------+---------+-------+---------+---------+-------
